[Event "Late-Titled-Tuesday-Blitz-June-04-2024"]
[Site "Chess.com"]
[Date "2024.06.04"]
[Round "2"]
[White "Bob_2004"]
[Black "nihalsarin"]
[Result "0-1"]
[WhiteElo "2637"]
[BlackElo "3244"]
[TimeControl "180+1"]
[EndTime "14:14:22 PDT"]
[Termination "nihalsarin won by resignation"]

1. d4 Nc6 2. d5 Ne5 3. f4 Ng6 4.
e4 e6 5. dxe6 fxe6 6. h4 Nf6 7.
h5 Ne7 8. e5 Nfd5 9. c4 Nb4 10.
a3 Nbc6 11. b4 Nf5 12. Bd3 a5 13. b5 Ncd4 14. g4 Nh6 15. Bb2 c5 16. Be4 d5 17.
exd6 Bxd6 18. Ne2 Nxg4 19. Nxd4 Ne3 20. Qd3 cxd4 21. Qxd4 Bxf4 22. Bd5 Nc2+ 0-1

[Event "Late-Titled-Tuesday-Blitz-June-04-2024"]
[Site "Chess.com"]
[Date "2024.06.04"]
[Round "2"]
[White "Nemsko"]
[Black "Oleg_Papayan"]
[Result "1/2-1/2"]
[WhiteElo "2346"]
[BlackElo "2560"]
[TimeControl "180+1"]
[EndTime "14:14:24 PDT"]
[Termination "Game drawn by repetition"]

1. e4 d5 2. exd5 Qxd5 3. Nc3 Qd8 4. d4 c6 5. Nf3 Bf5 6. Bd3 Bg6 7. O-O e6 8. Bf4 Be7 9. Ne4 Nf6 10. Re1 O-O 11. c3 Nxe4 12. Bxe4 Nd7 13. Qc2 Nf6 14. Bxg6 hxg6 15.
Ne5 Nd5 16. Bd2 Bg5 17. Rad1 Bxd2 18. Rxd2 Qg5 19. Rd3 Rfd8 20. Rg3 Qf5 21. Qd1 Nf6 22. Rf3 Qh5 23. Qd2 c5 24. Rh3 Qf5 25. Rf3 Qh5 26. Rh3 Qf5 27. Rf3 Qh5 1/2-1/2

[Event "Late-Titled-Tuesday-Blitz-June-04-2024"]
[Site "Chess.com"]
[Date "2024.06.04"]
[Round "2"]
[White "Sanyura"]
[Black "TigrVShlyape"]
[Result "0-1"]
[WhiteElo "2560"]
[BlackElo "2894"]
[TimeControl "180+1"]
[EndTime "14:14:32 PDT"]
[Termination "TigrVShlyape won by resignation"]

1. e4 c5 2. Nf3 e6 3. d4 cxd4 4. Nxd4 a6 5. Nc3 b5 6. Bd3 Qb6 7.
Nb3 Qc7 8. O-O Nc6 9. f4 Nge7 10. Be3 Ng6 11. e5 Nb4 12. Be4 Bb7 13. a3 Bxe4 14. axb4 Bc6 15. Nc5 Be7 16. Rxa6 Rxa6 17. Nxa6 Qc8 18.
Nc5 O-O 19. Qd4 Nh4 20. Rf2 Qa8 21. N3e4 Bxc5 22. Nxc5 Bxg2 23. Qd1 Bf3 24. Qd3 Bc6 25. h3 Nf3+ 26. Kf1 Qa1+ 0-1

[Event "Late-Titled-Tuesday-Blitz-June-04-2024"]
[Site "Chess.com"]
[Date "2024.06.04"]
[Round "2"]
[White "FairChess_on_YouTube"]
[Black "KChor05"]
[Result "0-1"]
[WhiteElo "3069"]
[BlackElo "2640"]
[TimeControl "180+1"]
[EndTime "14:14:40 PDT"]
[Termination "KChor05 won by resignation"]

1. d4 Nf6 2. c4 g6 3. Nc3 d5 4. cxd5 Nxd5 5. e4 Nxc3 6. bxc3 Bg7 7. Be3 O-O 8. Qd2 e5 9. d5 f5 10. Nf3 c6 11. Bc4 Kh8 12. h4 f4 13. Bc5 Rf6 14. h5 Nd7 15. dxc6 Rxc6 16. hxg6 h6 17. Nxe5 Bxe5 18. Rxh6+ Kg7 19. Rh7+ Kxg6 20. Qd5 Kxh7 21.
Qf7+ Bg7 22. Ke2 Nxc5 23. e5 Rh6 24. Rd1 Qf8 25. Qd5 Be6 0-1

[Event "Late-Titled-Tuesday-Blitz-June-04-2024"]
[Site "Chess.com"]
[Date "2024.06.04"]
[Round "2"]
[White "GMthekingindian"]
[Black "Rutricks"]
[Result "0-1"]
[WhiteElo "2355"]
[BlackElo "2690"]
[TimeControl "180+1"]
[EndTime "14:14:42 PDT"]
[Termination "Rutricks won by resignation"]

1. e4 g6 2. d4 Bg7 3. Nc3 c6 4. Nf3 d5 5. h3 dxe4 6. Nxe4 Nf6 7. Bd3 Nbd7 8. Nxf6+ exf6 9. Qe2+ Qe7 10. Qxe7+ Kxe7 11. Bf4 Nf8 12. O-O-O Ne6 13. Rhe1 Rd8 14. c3 Kf8 15. Bh2 a5 16. a4 Bh6+ 17. Kc2 Bf4 18. Rxe6 Bxh2 19.
Rxf6 Kg7 20. Rxf7+ Kxf7 21. Nxh2 Be6 22. c4 Rac8 23. Kc3 b5 24. axb5 cxb5 25. c5 b4+ 26. Kc2 a4 27. Be4 Bb3+ 28. Kc1 Bxd1 29. Kxd1 Rxd4+ 0-1

[Event "Late-Titled-Tuesday-Blitz-June-04-2024"]
[Site "Chess.com"]
[Date "2024.06.04"]
[Round "2"]
[White "HalfIsCrayfish"]
[Black "albayo"]
[Result "1-0"]
[WhiteElo "2552"]
[BlackElo "2333"]
[TimeControl "180+1"]
[EndTime "14:14:47 PDT"]
[Termination "HalfIsCrayfish won by resignation"]

1. e4 d5 2. Nc3 dxe4 3. Nxe4 Nf6 4. d3 Bf5 5. Ng3 Bg6 6. Be2 e6 7. Nf3 Be7 8. O-O O-O 9. Bf4 c6 10. Qd2 Nd5 11. Be5 Nd7 12. Rfe1 Nxe5 13. Nxe5 Bf6 14. Nxg6 hxg6 15. c3 Bg5 16. Qc2 b5 17. Rad1 a5 18. Bf3 b4 19. Ne4 Be7 20. c4 Nf4 21.
d4 Qc7 22. Qd2 Rfd8 23. g3 Nh5 24. Bxh5 gxh5 25. Qe2 g6 26. Rd3 c5 27. dxc5 Rxd3 28.
Qxd3 Bxc5 29. Nxc5 Qxc5 30. b3 a4 31. Rd1 axb3 32. axb3 Ra3 33. Qf3 Qf5 34. Rd8+ Kg7 35. Qe3 Ra1+ 36. Kg2 Qb1 37. Qe5+ f6 38. Rd7+ Kh6 39. Qf4+ g5 40. Qxf6+ Qg6 41. Qf8+ 1-0

[Event "Late-Titled-Tuesday-Blitz-June-04-2024"]
[Site "Chess.com"]
[Date "2024.06.04"]
[Round "2"]
[White "Godzillator"]
[Black "FischerKasparow"]
[Result "1-0"]
[WhiteElo "2434"]
[BlackElo "2096"]
[TimeControl "180+1"]
[EndTime "14:14:47 PDT"]
[Termination "Godzillator won by resignation"]

1. e4 e6 2. d4 d5 3. exd5 exd5 4. Bd3 Bd6 5. Ne2 Ne7 6. O-O O-O 7. Bf4 Nbc6 8. c3 Ng6 9. Bg3 Bg4 10. Qc2 Re8 11. f3 Bxg3 12. Nxg3 Be6 13. Nd2 Nce7 14. Rae1 Nf8 15. Nb3 Neg6 16. Nc5 Bc8 17. Nf5 Nf4 18. Bb5 c6 19. Bd3 b6 20. Nb3 Qg5 21. Rxe8 Nxd3 22.
Rxc8 Rxc8 23. Qxd3 Ne6 24. f4 Nxf4 25. Rxf4 Qxf4 26.
Ne7+ Kf8 27. Nxc8 Qc7 28. Qf5 g6 29. Qe5 Qxc8 30. Qh8+ 1-0

[Event "Late-Titled-Tuesday-Blitz-June-04-2024"]
[Site "Chess.com"]
[Date "2024.06.04"]
[Round "2"]
[White "Attacker_2006"]
[Black "KVAIDAN"]
[Result "0-1"]
[WhiteElo "2533"]
[BlackElo "2348"]
[TimeControl "180+1"]
[EndTime "14:14:50 PDT"]
[Termination "KVAIDAN won by resignation"]

1. e4 e5 2. Nf3 d5 3. Nxe5 Bd6 4.
d4 dxe4 5. Nc4 Nf6 6. Nc3 Nc6 7. Bg5 Be7 8. d5 Nb4 9. Bxf6 Bxf6 10. Nxe4 O-O 11.
c3 Nxd5 12. Nxf6+ Nxf6 13. Be2 Qxd1+ 14. Rxd1 Re8 15. Ne3 Be6 16. b3 a5 17. O-O a4 18.
c4 axb3 19. axb3 Ra2 20. Bf3 c6 21. Ra1 Rea8 22. Rxa2 Rxa2 23. Rb1 Nd7 24. Kf1 g6 25. Ke1 Nc5 26. Nd1 Bf5 27. Rc1 Nd3+ 0-1

[Event "Late-Titled-Tuesday-Blitz-June-04-2024"]
[Site "Chess.com"]
[Date "2024.06.04"]
[Round "2"]
[White "pirulillo"]
[Black "Alex_Banzea"]
[Result "1-0"]
[WhiteElo "2367"]
[BlackElo "2599"]
[TimeControl "180+1"]
[EndTime "14:14:51 PDT"]
[Termination "pirulillo won by resignation"]

1. e4 c6 2. Nc3 d5 3. Nf3 dxe4 4. Nxe4 Nf6 5. Qe2 Nxe4 6. Qxe4 Be6 7. c4 g6 8. Qe5 Rg8 9. d4 Bg4 10. Be3 Bxf3 11. gxf3 Bg7 12. Qf4 Qa5+ 13. Bd2 Qb6 14. Bc3 Nd7 15. Bh3 O-O-O 16. Qxf7 Bxd4 17. Bxd7+ Kb8 18. Qf4+ e5 19. Bxd4 exf4 20. Bxb6 axb6 21. O-O-O Kc7 22. Bh3 1-0

[Event "Late-Titled-Tuesday-Blitz-June-04-2024"]
[Site "Chess.com"]
[Date "2024.06.04"]
[Round "2"]
[White "bipe137"]
[Black "FMOlexandrProhorov"]
[Result "0-1"]
[WhiteElo "2676"]
[BlackElo "2377"]
[TimeControl "180+1"]
[EndTime "14:14:53 PDT"]
[Termination "FMOlexandrProhorov won by checkmate"]

1. d4 c5 2. c3 g6 3. Nf3 Bg7 4. dxc5 Na6 5. Be3 Qc7 6. Bd4 e5 7. Be3 Nxc5 8. Nbd2 d5 9. Nb3 Nxb3 10. axb3 Ne7 11. g3 O-O 12. Bg2 b6 13. O-O Bb7 14. b4 h6 15. Qc1 Kh7 16. Bd2 f5 17. Ne1 Ng8 18. f4 e4 19. Nc2 Nf6 20. h3 Nh5 21.
Kh2 Rac8 22. Be3 g5 23. Rxa7 Qb8 24. Ra1 Rc6 25. Bd4 Rg6 26. Rg1 gxf4 27. gxf4 Nxf4 28. Kh1 Nxe2 29. Qd2 Ng3+ 30. Kh2 Nf1+ 31. Kh1 Qh2# 0-1

[Event "Late-Titled-Tuesday-Blitz-June-04-2024"]
[Site "Chess.com"]
[Date "2024.06.04"]
[Round "2"]
[White "rhwr"]
[Black "djano"]
[Result "0-1"]
[WhiteElo "2287"]
[BlackElo "2630"]
[TimeControl "180+1"]
[EndTime "14:14:54 PDT"]
[Termination "djano won by checkmate"]

1. e4 c5 2. Nf3 g6 3. d4 cxd4 4. Nxd4 Nf6 5. Nc3 Nc6 6. Nxc6 bxc6 7. e5 Nh5 8. Be2 Ng7 9. O-O Nf5 10. Kh1 h5 11.
Bd3 Qa5 12. Bxf5 gxf5 13. Re1 e6 14. Bg5 Rb8 15. Bf6 Rg8 16. Qxh5 Rxb2 17. Ne2 Rxc2 18.
Nf4 Rxf2 19. Qh4 Rxa2 20. Rxa2 Qxa2 21. h3 Bb7 22. Qh7 Rg3 23. Rg1 c5 24. Bh4 Re3 25. Qh8 Qb3 26. Qf6 Rxh3+ 27. Nxh3 Qxh3# 0-1

[Event "Late-Titled-Tuesday-Blitz-June-04-2024"]
[Site "Chess.com"]
[Date "2024.06.04"]
[Round "2"]
[White "Viktor_Poddubnyi"]
[Black "Evan_Attaker"]
[Result "0-1"]
[WhiteElo "2380"]
[BlackElo "2697"]
[TimeControl "180+1"]
[EndTime "14:14:56 PDT"]
[Termination "Evan_Attaker won by resignation"]

1. e4 d6 2. d4 Nf6 3. Nc3 g6 4. Bg5 Bg7 5. e5 dxe5 6. dxe5 Ng4 7. Qxd8+ Kxd8 8. Rd1+ Bd7 9. f4 h6 10. Bh4 g5 11.
fxg5 hxg5 12. Bxg5 Nxh2 13. Nh3 Bxe5 14. Bc4 Rxh3 15. gxh3 Nf3+ 16. Kf2 Nxg5 17. h4 Nh7 18. Bxf7 Nc6 19. h5 Bd4+ 20. Kg2 e6 21. Ne4 Ke7 22. Bg6 Nf6 23. Nxf6 Bxf6 24. Rhf1 Ne5 0-1

[Event "Late-Titled-Tuesday-Blitz-June-04-2024"]
[Site "Chess.com"]
[Date "2024.06.04"]
[Round "2"]
[White "subham777"]
[Black "FXDon77"]
[Result "0-1"]
[WhiteElo "2556"]
[BlackElo "2868"]
[TimeControl "180+1"]
[EndTime "14:14:57 PDT"]
[Termination "FXDon77 won by resignation"]

1. e4 c5 2. Nf3 Nc6 3. Bb5 e6 4. O-O Nge7 5. c3 a6 6. Ba4 b5 7.
Bc2 c4 8. Ba4 bxa4 9. Na3 d5 10.
exd5 exd5 11. Qxa4 Bd7 12. Re1 Nd4 13. Qd1 Nxf3+ 14.
Qxf3 Be6 15. Nc2 Nc6 16. Ne3 Be7 17. h4 O-O 18. h5 Ne5 19. Qg3 Nd3 20. Rf1 Bh4 21.
Qf3 Bg5 22. b3 Bxe3 23. fxe3 Qg5 24. Ba3 Rfe8 25. bxc4 dxc4 26. Rab1 Rab8 27. Bd6 Rxb1 28. Rxb1 Bd5 29. Qg3 Qxh5 30. Rb8 Rxb8 31. Bxb8 Qg6 32. Qh3 h5 33. Bg3 Qg4 34. Qxg4 hxg4 35. Kh2 f5 36.
Bd6 Kf7 37. Kg3 g5 38. Bc7 Ne1 39. Kf2 Nxg2 40. Bb6 Nh4 41. Kg3 Nf3 0-1

[Event "Late-Titled-Tuesday-Blitz-June-04-2024"]
[Site "Chess.com"]
[Date "2024.06.04"]
[Round "2"]
[White "ShiroglanTalibov"]
[Black "komogro"]
[Result "1-0"]
[WhiteElo "2903"]
[BlackElo "2566"]
[TimeControl "180+1"]
[EndTime "14:14:58 PDT"]
[Termination "ShiroglanTalibov won by resignation"]

1. Nf3 g6 2. g3 Bg7 3. Bg2 e5 4. O-O d6 5. d4 exd4 6. Nxd4 Ne7 7. e4 O-O 8. Nc3 Nbc6 9. Be3 Ne5 10. b3 f5 11. Bg5 c6 12. exf5 Bxf5 13. Re1 Bg4 14. Qd2 Nf5 15. Nxf5 Qa5 16. Nxg7 1-0

[Event "Late-Titled-Tuesday-Blitz-June-04-2024"]
[Site "Chess.com"]
[Date "2024.06.04"]
[Round "2"]
[White "2L8IWUN"]
[Black "SilverCityIndigo"]
[Result "0-1"]
[WhiteElo "2203"]
[BlackElo "2472"]
[TimeControl "180+1"]
[EndTime "14:14:59 PDT"]
[Termination "SilverCityIndigo won by resignation"]

1. d4 d5 2. Nf3 e6 3. Bf4 c6 4. e3 Bd6 5. Bxd6 Qxd6 6. Bd3 Ne7 7. O-O O-O 8. Nbd2 Ng6 9. c4 b6 10. e4 Nf4 11. Bc2 dxe4 12. Nxe4 Qe7 13. g3 Ng6 14. d5 exd5 15. cxd5 cxd5 16. Qxd5 Bb7 17.
Qf5 Rc8 18. Bb3 Qxe4 19. Qxf7+ Kh8 20. Rfe1 Qxf3 21. Re8+ Rxe8 22. Qxe8+ Qf8 0-1

[Event "Late-Titled-Tuesday-Blitz-June-04-2024"]
[Site "Chess.com"]
[Date "2024.06.04"]
[Round "2"]
[White "OIAM03"]
[Black "Bugcrusher"]
[Result "0-1"]
[WhiteElo "2043"]
[BlackElo "2431"]
[TimeControl "180+1"]
[EndTime "14:15:01 PDT"]
[Termination "Bugcrusher won on time"]

1. e4 e6 2. d4 d5 3. Nd2 Nc6 4. c3 e5 5. exd5 Qxd5 6. Bc4 Qxg2 7. Ndf3 Qxh1 8. d5 Bg4 9. dxc6 Rd8 10. Bxf7+ Ke7 11.
Bg5+ Nf6 12. Qb3 Rd6 13. cxb7 Bxf3 0-1

[Event "Late-Titled-Tuesday-Blitz-June-04-2024"]
[Site "Chess.com"]
[Date "2024.06.04"]
[Round "2"]
[White "Heydarli77"]
[Black "CixPer1968"]
[Result "1-0"]
[WhiteElo "2462"]
[BlackElo "2147"]
[TimeControl "180+1"]
[EndTime "14:15:04 PDT"]
[Termination "Heydarli77 won on time"]

1. d4 d6 2. e4 Nf6 3. Bd3 b6 4.
Nf3 Bb7 5. Qe2 Nbd7 6. O-O e5 7. c3 g6 8. Bg5 Bg7 9. d5 Qe7 10. c4 O-O 11. Nc3 h6 12. Bh4 g5 13. Bg3 Nh5 14. Nd2 Nf4 15. Qe3 Nc5 16. Bc2 Bc8 17. b4 Nd7 18. Nb5 Nf6 19. f3 a6 20. Nc3 N6h5 21.
Bf2 f5 22. exf5 Bxf5 23. Bxf5 Rxf5 24. g4 Nh3+ 25. Kh1 Nxf2+ 26. Rxf2 1-0

[Event "Late-Titled-Tuesday-Blitz-June-04-2024"]
[Site "Chess.com"]
[Date "2024.06.04"]
[Round "2"]
[White "GoltsevDmitry2000"]
[Black "NoSpaghettiForYou"]
[Result "0-1"]
[WhiteElo "2757"]
[BlackElo "2546"]
[TimeControl "180+1"]
[EndTime "14:15:05 PDT"]
[Termination "NoSpaghettiForYou won by checkmate"]

1. e4 c5 2. Nf3 Nc6 3. d4 cxd4 4. Nxd4 Nf6 5. Nc3 h5 6. f4 e5 7. Nf5 d6 8. fxe5 Nxe4 9. Nxe4 Bxf5 10. Nxd6+ Bxd6 11. Qxd6 Qh4+ 12. g3 Qe4+ 13. Kf2 Rd8 14. Qc5 Qxh1 15.
Bg2 Qd1 16. Be3 Qxc2+ 17. Qxc2 Bxc2 18. Rc1 Bf5 19. Bxc6+ bxc6 20. Rxc6 O-O 21. Bxa7 Rd2+ 22. Ke3 Rxb2 23. a4 Ra2 24. Rc4 Ra8 25. Bb6 R2xa4 26. Rc7 Ra3+ 27. Kf4 Bg6 28. Bd4 R8a4 29. e6 Rxd4+ 30.
Ke5 Re4+ 31. Kd5 Rxe6 32. Rc8+ Kh7 33. h4 Rd3+ 34. Kc4 Rd1 35. Ra8 Rc6+ 36. Kb5 Rc2 37. Ra3 Rb1+ 38. Ka5 Rc8 39. Re3 Ra8# 0-1

[Event "Late-Titled-Tuesday-Blitz-June-04-2024"]
[Site "Chess.com"]
[Date "2024.06.04"]
[Round "2"]
[White "alex1531"]
[Black "katharinareinecke"]
[Result "1-0"]
[WhiteElo "2423"]
[BlackElo "1967"]
[TimeControl "180+1"]
[EndTime "14:15:07 PDT"]
[Termination "alex1531 won by checkmate"]

1. e4 c6 2. Nc3 d5 3. Nf3 Bg4 4.
h3 Bxf3 5. Qxf3 e6 6. d3 Nf6 7. Bd2 Be7 8. g4 Nbd7 9. g5 Ng8 10. h4 f6 11. Bh3 Nc5 12. b4 dxe4 13. dxe4 Na6 14. a3 e5 15. Rd1 Qc7 16. Be6 Rd8 17. O-O h6 18. Qh5+ g6 19. Qxg6+ Kf8 20. Qf7# 1-0

[Event "Late-Titled-Tuesday-Blitz-June-04-2024"]
[Site "Chess.com"]
[Date "2024.06.04"]
[Round "2"]
[White "Quattroporte300"]
[Black "Alina_Gumerovna"]
[Result "1-0"]
[WhiteElo "2444"]
[BlackElo "2117"]
[TimeControl "180+1"]
[EndTime "14:15:09 PDT"]
[Termination "Quattroporte300 won by resignation"]

1. e4 e5 2. Nf3 Nf6 3. Nc3 Bb4 4. Nxe5 O-O 5. Nd3 Bxc3 6. dxc3 Nxe4 7. Be2 d5 8. O-O Bf5 9. Nf4 c6 10. c4 d4 11. Bd3 Nd6 12. c5 Bxd3 13. Qxd3 Nb5 14.
a4 Nc7 15. b3 Ne6 16. Nxe6 fxe6 17. Bb2 e5 18. Rae1 Nd7 19. f4 Qe7 20. fxe5 Rxf1+ 21. Rxf1 Qxe5 22. Qc4+ Kh8 23. Bxd4 Qg5 24. Qf7 Nxc5 25. Qf8+ 1-0

[Event "Late-Titled-Tuesday-Blitz-June-04-2024"]
[Site "Chess.com"]
[Date "2024.06.04"]
[Round "2"]
[White "Cambek64"]
[Black "DeTimmerman"]
[Result "0-1"]
[WhiteElo "2527"]
[BlackElo "2767"]
[TimeControl "180+1"]
[EndTime "14:15:20 PDT"]
[Termination "DeTimmerman won by resignation"]

1. e4 e5 2. Nf3 Nc6 3. Bc4 Nf6 4. d3 Be7 5. Nc3 O-O 6. a3 d6 7. h3 Kh8 8. Be3 Ng8 9. g4 Be6 10. Qe2 a6 11. O-O-O b5 12. Ba2 b4 13. axb4 Nxb4 14. Bb1 c5 15. g5 Qa5 16. Nd2 Rfb8 17. Nb3 Bxb3 18. cxb3 Nc6 19. Bc2 Nd4 20. Qh5 Qa1+ 21. Nb1 Nxb3+ 22. Bxb3 Rxb3 23. Rd2 Rab8 24. Qe2 Bd8 25.
Rc2 Ne7 26. f3 Nc6 27. Rh2 Nb4 28. Rd2 Na2+ 0-1

[Event "Late-Titled-Tuesday-Blitz-June-04-2024"]
[Site "Chess.com"]
[Date "2024.06.04"]
[Round "2"]
[White "ansko1999"]
[Black "Seppppppy"]
[Result "0-1"]
[WhiteElo "2633"]
[BlackElo "2202"]
[TimeControl "180+1"]
[EndTime "14:15:24 PDT"]
[Termination "Seppppppy won on time"]

1. Nc3 Nf6 2. e4 e5 3. d4 exd4 4. Qxd4 Nc6 5. Qd3 Bb4 6. Bd2 O-O 7. O-O-O Re8 8. f3 d5 9. Nxd5 Bxd2+ 10. Qxd2 Nxd5 11.
Qxd5 Qf6 12. a3 Rd8 13. e5 Qh6+ 14. Kb1 Rxd5 15. Rxd5 Be6 16. Rd1 Nxe5 17. Ne2 Nc4 18. Nd4 Nd2+ 19. Ka1 Rd8 20. Nxe6 Nb3+ 21. Ka2 Rxd1 22.
Kxb3 Qxe6+ 23. Bc4 Qb6+ 24. Ka2 Rxh1 25. Be6 Qxe6+ 26.
c4 Qxc4+ 0-1

[Event "Late-Titled-Tuesday-Blitz-June-04-2024"]
[Site "Chess.com"]
[Date "2024.06.04"]
[Round "2"]
[White "whiteglovethief"]
[Black "bascheyaro"]
[Result "0-1"]
[WhiteElo "2538"]
[BlackElo "2802"]
[TimeControl "180+1"]
[EndTime "14:15:25 PDT"]
[Termination "bascheyaro won by resignation"]

1. d4 d5 2. c4 c6 3. Nf3 Nf6 4. g3 Bf5 5. Nc3 e6 6. Nh4 Be4 7. f3 Bg6 8. Qb3 Qb6 9. c5 Qxb3 10. axb3 Bc2 11. b4 h6 12. b5 g5 13. Ng2 Be7 14. e3 O-O 15. g4 cxb5 16. Bxb5 Nc6 17. Bxc6 bxc6 18. Kd2 Bb3 19. Ra3 Rfb8 20. h4 a5 21. hxg5 hxg5 22. Na4 Ra7 23. Nb6 a4 24. Kc3 Bd8 25.
Bd2 Bxb6 26. cxb6 Rxb6 27. e4 dxe4 28. Bxg5 Nd5+ 29. Kd2 exf3 30. Ne3 Kg7 31. Nxd5 Bxd5 32.
Kc1 f6 33. Bh6+ Kg6 34. Bf8 Rb3 35. Bc5 Rxa3 36. Bxa3 Rb7 37. Rh8 f2 0-1

[Event "Late-Titled-Tuesday-Blitz-June-04-2024"]
[Site "Chess.com"]
[Date "2024.06.04"]
[Round "2"]
[White "IlyaGrigorjev"]
[Black "JacksterThePro"]
[Result "1-0"]
[WhiteElo "2829"]
[BlackElo "2547"]
[TimeControl "180+1"]
[EndTime "14:15:27 PDT"]
[Termination "IlyaGrigorjev won by resignation"]

1. e4 c6 2. d4 d5 3. e5 Bf5 4.
Nf3 e6 5. Be2 c5 6. Be3 Qb6 7.
c4 dxc4 8. Nbd2 Nc6 9. Nxc4 Qc7 10. dxc5 Rd8 11. Nd6+ Bxd6 12. exd6 Qa5+ 13. Qd2 Nb4 14. O-O b6 15. a3 Nc6 16. b4 Qa4 17. Nd4 Nxd4 18.
Bxd4 f6 19. cxb6 Rxd6 20. b7 Rd8 21. Qf4 e5 22. Qxf5 Ne7 23. Qe6 exd4 24. Rfe1 Qd7 25.
Bb5 1-0

[Event "Late-Titled-Tuesday-Blitz-June-04-2024"]
[Site "Chess.com"]
[Date "2024.06.04"]
[Round "2"]
[White "jup1978"]
[Black "maurovargas01"]
[Result "1-0"]
[WhiteElo "2422"]
[BlackElo "1914"]
[TimeControl "180+1"]
[EndTime "14:15:27 PDT"]
[Termination "jup1978 won by resignation"]

1. e4 d5 2. exd5 Qxd5 3. Nc3 Qa5 4. Bc4 c6 5. d3 Nf6 6. Ne2 Be6 7. Bxe6 fxe6 8.
O-O e5 9. Ng3 e6 10. Re1 Bd6 11.
Bd2 Qc7 12. Nce4 O-O 13. Qe2 Nd5 14. Nxd6 Qxd6 15. Qxe5 Qxe5 16. Rxe5 Re8 17. Rae1 Kf7 18. Nf5 Nd7 19. Nd6+ Kf8 20. Rxe6 Rxe6 21. Rxe6 Rb8 22. c4 N5f6 23. Bf4 b5 24. Nxb5 cxb5 25. Bxb8 Nxb8 26. cxb5 Nbd7 27. Ra6 Nc5 28. Rxa7 Nxd3 29. b6 Nc5 30. b7 Nfd7 31. Ra8+ Ke7 32. b8=Q Nxb8 33. Rxb8 Nd7 34. Rb7 Kd6 35. Rxd7+ Kxd7 36. b4 Kc6 37. a4 Kb6 38. f4 g6 39. Kf2 Kc6 40.
Kf3 Kd5 41. b5 Kc5 42. Kg4 h6 43. h4 Kb6 44. h5 gxh5+ 45. Kxh5 Ka5 46. f5 Kxa4 47.
f6 Kxb5 48. f7 Kc6 49. f8=Q Kd5 50. Qxh6 Ke5 51. Qf8 Kd5 52. g4 Ke5 53. g5 Kd5 54. g6 Ke4 55. g7 Ke5 56. g8=Q 1-0

[Event "Late-Titled-Tuesday-Blitz-June-04-2024"]
[Site "Chess.com"]
[Date "2024.06.04"]
[Round "2"]
[White "AlphaPerseii"]
[Black "Mikhal867"]
[Result "0-1"]
[WhiteElo "2313"]
[BlackElo "2535"]
[TimeControl "180+1"]
[EndTime "14:15:28 PDT"]
[Termination "Mikhal867 won by resignation"]

1. Nf3 c5 2. e4 Nc6 3. Bb5 g6 4. O-O Bg7 5. c3 e5 6. d4 cxd4 7. cxd4 exd4 8. Bf4 a6 9. Bc4 Nge7 10. Bd6 O-O 11.
Nbd2 b5 12. Bb3 Bb7 13. a4 h6 14. e5 Re8 15. Ne4 Nf5 16. g4 Nxe5 17. Nxe5 Bxe5 18. Bxe5 Rxe5 19. Ng3 Nh4 20. f4 Re3 21. Ba2 Qb6 22. a5 Qc6 23. Kf2 0-1

[Event "Late-Titled-Tuesday-Blitz-June-04-2024"]
[Site "Chess.com"]
[Date "2024.06.04"]
[Round "2"]
[White "glucolisis04"]
[Black "N_Mullodzhanov"]
[Result "0-1"]
[WhiteElo "2264"]
[BlackElo "2503"]
[TimeControl "180+1"]
[EndTime "14:15:28 PDT"]
[Termination "N_Mullodzhanov won by resignation"]

1. d4 Nf6 2. c4 g6 3. Nc3 Bg7 4. e4 d6 5. Nf3 O-O 6. Be2 e5 7.
O-O Nc6 8. d5 Ne7 9. b4 a5 10.
bxa5 Rxa5 11. a4 Nd7 12. Ba3 b6 13. Bb4 Ra8 14. Nd2 f5 15. f3 f4 16. Nb3 g5 17.
a5 bxa5 18. Nxa5 c5 19. dxc6 Qb6+ 20. Kh1 Qxb4 21. cxd7 Bxd7 22. Nd5 Nxd5 23. Qxd5+ Kh8 24. Nc6 Bxc6 25. Qxc6 Rxa1 26. Rxa1 Qb2 27. Re1 Qd2 28. Rd1 Qxe2 29. Qxd6 Qxc4 30. h4 gxh4 31. Qe7 h3 32. Rd7 Qf1+ 0-1

[Event "Late-Titled-Tuesday-Blitz-June-04-2024"]
[Site "Chess.com"]
[Date "2024.06.04"]
[Round "2"]
[White "Fore_Man"]
[Black "Stanbad1"]
[Result "0-1"]
[WhiteElo "2227"]
[BlackElo "2655"]
[TimeControl "180+1"]
[EndTime "14:15:29 PDT"]
[Termination "Stanbad1 won by checkmate"]

1. Nf3 Nf6 2. g3 g6 3. Bg2 Bg7 4. O-O d6 5. e3 O-O 6. d4 c5 7. c4 Nc6 8. Nc3 Bf5 9. b3 cxd4 10.
Nxd4 Bd7 11. Bb2 Rc8 12. Rc1 a6 13. Nd5 Ne8 14. Nxc6 bxc6 15. Bxg7 Kxg7 16. Nc3 c5 17. Qd2 Bc6 18. Bxc6 Rxc6 19. Nd5 Nc7 20. Qc3+ Kg8 21. Nf4 Ne6 22. Nd5 a5 23. Rfd1 Ra6 24. f4 a4 25.
e4 Nd4 26. Qd3 e5 27. f5 axb3 28. axb3 Ra2 29. f6 Qd7 30. Ra1 Rfa8 31. Rxa2 Rxa2 32. Qe3 Qh3 33. Ne7+ Kh8 34. Rd2 Ra1+ 35. Kf2 Qf1# 0-1

[Event "Late-Titled-Tuesday-Blitz-June-04-2024"]
[Site "Chess.com"]
[Date "2024.06.04"]
[Round "2"]
[White "dolynachess"]
[Black "RichardShtivelband"]
[Result "1-0"]
[WhiteElo "2514"]
[BlackElo "2289"]
[TimeControl "180+1"]
[EndTime "14:15:29 PDT"]
[Termination "dolynachess won by resignation"]

1. d4 Nf6 2. c4 e6 3. g3 c5 4. Bg2 Nc6 5. Nf3 cxd4 6. Nxd4 a6 7. O-O Be7 8. Nc3 O-O 9. b3 Qa5 10. Bb2 Qh5 11. e4 Qxd1 12. Rfxd1 Nxd4 13. Rxd4 d6 14. Ba3 Rd8 15. Rad1 e5 16. R4d2 Ne8 17. Nd5 Kf8 18.
Nxe7 Kxe7 19. c5 Bg4 20. cxd6+ Kd7 21. f3 Be6 22. f4 f6 23. fxe5 fxe5 24. Bb2 Bg4 25.
Rf1 Ke6 26. h3 Bh5 27. Rd5 Bg6 28. Rxe5+ Kxd6 29. Rd1+ Kc6 30. Rc1+ Kb6 31. Rd5 Ka7 32.
Bd4+ b6 33. Rc6 Rxd5 34. Bxb6+ Kb7 35. exd5 Nf6 36. Bd4 Ne4 37. Rxg6 1-0

[Event "Late-Titled-Tuesday-Blitz-June-04-2024"]
[Site "Chess.com"]
[Date "2024.06.04"]
[Round "2"]
[White "merinasian"]
[Black "osielchesslover2011"]
[Result "1-0"]
[WhiteElo "2484"]
[BlackElo "2231"]
[TimeControl "180+1"]
[EndTime "14:15:38 PDT"]
[Termination "merinasian won by resignation"]

1. d4 Nf6 2. Nf3 g6 3. Bf4 Bg7 4. e3 d6 5. h3 O-O 6. Be2 Nbd7 7. O-O c5 8. c4 b6 9. Nc3 Bb7 10. d5 a6 11. a4 Ne8 12. e4 Ne5 13. Nxe5 dxe5 14.
Be3 Nd6 15. a5 f5 16. axb6 Qxb6 17. Na4 Qc7 18. Nxc5 Bc8 19. b4 fxe4 20. Qc2 Bf5 21. g4 Bc8 22. Nxe4 Nxe4 23. Qxe4 Rb8 24. c5 Bb7 25. Bxa6 Bxa6 26. Rxa6 Qb7 27. Rb6 Qa8 28. Rxb8 Rxb8 29. Rb1 e6 30. c6 exd5 31. Qxd5+ Kh8 32. c7 1-0

[Event "Late-Titled-Tuesday-Blitz-June-04-2024"]
[Site "Chess.com"]
[Date "2024.06.04"]
[Round "2"]
[White "Mops_2004"]
[Black "Eloist"]
[Result "1-0"]
[WhiteElo "2788"]
[BlackElo "2455"]
[TimeControl "180+1"]
[EndTime "14:15:39 PDT"]
[Termination "Mops_2004 won by resignation"]

1. g3 e5 2. c4 Nf6 3. Bg2 c6 4. Nf3 e4 5. Nd4 d5 6. cxd5 Qxd5 7. e3 Qe5 8. d3 Bb4+ 9. Nc3 Bg4 10. Qb3 Bxc3+ 11. bxc3 Bc8 12. Ba3 exd3 13. O-O Na6 14. Nxc6 Qe6 15. Rfd1 Qxb3 16. axb3 Be6 17. Rxd3 Bxb3 18.
Na5 Rb8 19. Nxb3 1-0